 Dungeon Crawl Stone Soup version 0.26-a0-466-g989023bd0d (webtiles) character file.

Game seed: 6894644052144121853

44 Apogee the Slasher (level 3, -2/22 HPs)
             Began as a Gargoyle Gladiator on Aug 3, 2020.
             Slain by a gnoll
             ... wielding a +0 halberd
              (7 damage)
             ... on level 2 of the Dungeon.
             The game lasted 00:02:05 (1648 turns).

Apogee the Slasher (Gargoyle Gladiator)             Turns: 1648, Time: 00:02:05

Health: -2/22      AC:  7    Str: 18    XL:     3   Next: 60%
Magic:  3/3        EV: 12    Int:  8    God:
Gold:   78         SH:  0    Dex: 11    Spells: 2/2 levels left

rFire    . . .     SeeInvis .   a - +0 long sword
rCold    . . .     Faith    .   (no shield)
rNeg     + . .     Spirit   .   b - +0 leather armour
rPois    ∞         Reflect  .   c - +0 helmet
rElec    +         Harm     .   (no cloak)
rCorr    .                      (no gloves)
MR       .....                  (no boots)
Stlth    +.........             (no amulet)
HPRegen  0.07/turn              (no ring)
MPRegen  0.08/turn              (no ring)

@: no status effects
A: negative energy resistance 1, electricity resistance, unbreathing,
petrification resistance, rot immunity, AC +3
a: no special abilities


You were on level 2 of the Dungeon.
You visited 1 branch of the dungeon, and saw 2 of its levels.

You collected 78 gold pieces.

Inventory:

Hand Weapons
 a - a +0 long sword (weapon)
Missiles
 d - 3 throwing nets (quivered) {!f}
Armour
 b - a +0 leather armour (worn)
 c - a +0 helmet (worn)
Scrolls
 f - a scroll of teleportation {unknown}
 g - a scroll of blinking {unknown}
 i - a scroll of identify {unknown}
Potions
 e - 2 potions of lignification {unknown}
 h - 2 potions of flight {unknown}
 j - a potion of heal wounds {unknown}


   Skills:
 + Level 2.8 Fighting
 * Level 3.4 Long Blades
 - Level 1.7 Throwing
 + Level 2.7 Dodging


You had 2 spell levels left.
You didn't know any spells.
Your spell library was empty.

Dungeon Overview and Level Annotations

Branches:
Dungeon (2/15)

Altars:


Innate Abilities, Weirdness & Mutations

You are resistant to torment.
Your stone body is resilient. (AC +3)
You are immune to poison.
You resist negative energy. (rN+)
You are resistant to electric shocks. (rElec)
You can survive without breathing.
You are immune to petrification.
You are immune to rotting.


Message History

a +0 whip of freezing; a kobold corpse An adder comes into view.
The adder hisses angrily.
A gnoll comes into view. It is wielding a +0 halberd.
The gnoll shouts!
You hear a shout!
Found an escape hatch in the ceiling.
Things that are here:
a +0 whip of freezing; a kobold corpse The adder bites you but does no damage.
You miss the adder. The adder bites you. The adder completely misses you.
You miss the adder. The adder bites you but does no damage.
You miss the adder. The adder bites you but does no damage.
The adder misses you.
You closely miss the adder. The adder closely misses you.
You riposte.
You closely miss the adder. The adder bites you but does no damage.
You closely miss the adder. The gnoll closely misses you. The adder bites you.
You closely miss the adder. The adder barely misses you.
You riposte.
You hit the adder.
The gnoll hits you from afar with a +0 halberd.
The adder barely misses you.
You riposte.
You barely miss the adder. You hit the adder. The gnoll closely misses you.
The adder bites you but does no damage.
You closely miss the adder. The adder misses you. The gnoll closely misses you.
The adder bites you.
You barely miss the adder. The adder bites you but does no damage.
The gnoll barely misses you.
You miss the adder. The adder completely misses you.
The gnoll barely misses you. The adder bites you.
* * * LOW HITPOINT WARNING * * *
You slash the adder!
You kill the adder!
The gnoll hits you from afar with a +0 halberd!
* * * LOW HITPOINT WARNING * * *
You see here a goblin corpse.
There is a stone staircase leading up here.
The gnoll barely misses you.
You climb upwards.
There is a stone staircase leading down here.
You start resting.
You climb downwards.
The gnoll barely misses you.
There is a stone staircase leading up here.
You hit the gnoll but do no damage. The gnoll hits you with a +0 halberd.
A gnoll comes into view. It is wielding a +0 club.
The gnoll shouts!
You slash the gnoll! The gnoll hits you with a +0 halberd.
You barely miss the gnoll. The gnoll hits you with a +0 halberd!
* * * LOW HITPOINT WARNING * * *
You are too injured to fight recklessly!
You closely miss the gnoll. The gnoll hits you with a +0 halberd!
You die...

### ###.########
#...........
#.#......##
#g#.####.#
#####.#g# #.†...#.#
#.#####g### #.#
#.@<# #.# ##### #.#
#.# #.# ### .
#g####.....
....#####).........
<.....S........>###
###................


You could see 2 gnolls.

Vanquished Creatures
  An adder (D:2)
  A dart slug (D:1)
  A leopard gecko (D:1)
  3 goblins
  2 hobgoblins (D:1)
  7 jackals (D:1)
  4 kobolds
  A ball python (D:1)
  4 bats (D:1)
  3 frilled lizards
  6 rats (D:1)
33 creatures vanquished.

Notes
Turn   | Place    | Note
-------+----------+-------------------------------------------
     0 | D:1      | Apogee the Gargoyle Gladiator began the quest for the Orb.
     0 | D:1      | Reached XP level 1. HP: 12/12 MP: 1/1
   100 | D:1      | Reached XP level 2. HP: 18/18 MP: 2/2
   105 | D:1      | Reached skill level 3 in Long Blades
   735 | D:1      | Reached XP level 3. HP: 22/22 MP: 3/3
  1648 | D:2      | Slain by a gnoll

Illustrated notes

Levels and vault maps discovered:
D:1:      sevenhm_arrival_forest_fort_large_4, layout_basic, serial_forest,
          infiniplex_forest_lined_corner, infiniplex_forest_lined_3,
          infiniplex_forest_clump_tiny, infiniplex_forest_clump_long,
          infiniplex_forest_clump_small, infiniplex_forest_straight_1,
          infiniplex_forest_clump_small, infiniplex_forest_lined_1,
          infiniplex_forest_clump_large, infiniplex_forest_clump_diagonal,
          columned_hall_lemuel
D:2:      layout_basic, nicolae_dithmenos_shadow_blocks, minmay_tall_x

Skill      XL: |  1  2 |
---------------+-------+-----
Long Blades    | 3 |  3.4
Fighting       | |  2.8
Throwing       | |  1.7
Dodging        | |  2.7

Action                   || total
-------------------------++-------
Melee: Long sword        ||    81
Throw: Throwing net      ||     1
Armor: Leather armour    ||    51
Dodge: Dodged            ||    73
       Rpst.: Long sword ||    17

Table legend: (Time is in decaauts)
 A = Elapsed time spent in this place.
 B = Non-inter-level travel time spent in this place.
 C = Inter-level travel time spent in this place.
 D = Time resting spent in this place.
 E = Time spent auto-exploring this place.
 F = Levels seen in this place.
 G = Mean time per level.
                   A        B        C        D        E       F      G
               +--------+--------+--------+--------+--------+-----+--------+
         Total |   1668 |   1652 |     16 |    254 |   1137 |   2 |  834.0 |
       Dungeon |   1668 |   1652 |     16 |    254 |   1137 |   2 |  834.0 |
               +--------+--------+--------+--------+--------+-----+--------+

Top non-repeatable levels by time:
     D:1: 1589 daAuts
     D:2: 78 daAuts
